Map: Orbital Shipyard

Players

TakeDown - Winner!

  • Race: Zerg Zerg
  • League: Diamond

Javert

  • Race: Zerg Zerg
  • League: Gold

VOD

Have the link to the VOD?

Description

Time

  • Played on: Sept. 3, 2015, 12:39 p.m.
  • Length: 10:33
Show
View Real Time Build Order
Export as new Build Order

TakeDown Zerg - Winner!

Build Orders: Hatch First, Lurkers 

Get SALT Encoding   

  12  0:01  Drone  
  13  0:10  Drone  
  14  0:25  Overlord  
  14  0:28  Extractor  
  13  0:29  Drone  
  15  0:47  Drone  
  15  0:49  Drone x2  
  18  0:58  Hatchery  
  18  1:03  Drone  
  18  1:18  Drone, Extractor  
  18  1:20  Spawning Pool  
  17  1:28  Drone  
  18  1:38  Drone  
  19  1:43  Drone  
  20  1:52  Overlord  
  20  2:05  Drone  
  21  2:09  Queen  
  21  2:10  Queen  
  21  2:13  Drone x2  
  27  2:19  Metabolic Boost  
  27  2:23  Drone  
  27  2:25  Zergling x2  
  29  2:36  Zergling x2  
  30  2:38  Drone  
  30  2:43  Baneling Nest  
  30  2:45  Drone  
  30  2:50  Drone  
  32  2:55  Overlord  
  32  2:58  Drone  
  33  3:06  Drone  
  34  3:16  Drone x2  
  34  3:17  Drone x3  
  34  3:18  Drone  
  39  3:26  Spine Crawler  
  38  3:32  Zergling x6  
  41  3:38  Drone  
  42  3:43  Hatchery  
  42  3:47  Drone x2  
  43  3:51  Drone x2, Roach Warren  
  43  3:52  Overlord  
  43  3:53  Overlord  
  43  3:55  Overlord  
  44  4:03  Extractor  
  44  4:04  Drone x2, Extractor  
  44  4:10  Drone  
  44  4:13  Drone  
  44  4:15  Lair  
  45  4:26  Drone x2  
  45  4:29  Drone x2  
  49  4:44  Overlord x2  
  49  4:46  Drone x2, Extractor  
  49  4:50  Drone  
  51  4:55  Roach x3  
  51  4:56  Roach x2  
  61  5:03  Queen  
  63  5:19  Hydralisk Den  
  61  5:29  Roach x2  
  59  5:44  Lurker Den  
  59  5:48  Drone x2  
  59  5:49  Drone x6  
  66  5:50  Drone x2, Queen  
  66  5:56  Hydralisk x5  
  79  6:04  Roach x2  
  79  6:06  Hatchery  
  79  6:08  Roach  
  79  6:10  Spine Crawler  
  83  6:12  Roach x3  
  83  6:14  Overlord  
  89  6:20  Overlord  
  91  6:32  Roach  
  91  6:33  Roach x3  
  97  6:40  Drone x5  
  102  6:52  Drone x4  
  106  6:54  Overlord x2  
  106  6:55  Extractor x2  
  104  7:10  Overlord x2  
  104  7:14  Lurker x3  
  104  7:15  Lurker x2  
  109  7:17  Roach x3  
  109  7:18  Roach x2  
  109  7:20  Overlord x2  
  109  7:21  Overlord  
  109  7:22  Overlord  
  119  7:23  Overlord  
  119  7:33  Drone x6  
  125  7:37  Roach x2  
  129  7:49  Roach x6  
  141  8:07  Hydralisk  
  141  8:08  Hydralisk x8  
  141  8:11  Overlord x2  
  141  8:12  Overlord  
  159  8:15  Overlord  
  159  8:16  Overlord  
  159  8:17  Overlord  
  159  8:25  Overseer  
  159  8:32  Hatchery  
  158  8:39  Hydralisk x6  
  158  8:40  Hydralisk x3  
  162  9:11  Hydralisk x10  
  162  9:12  Hydralisk x3  
  186  9:40  Evolution Chamber x2, Drone x4  
  179  9:51  Lurker x3  
  179  9:52  Lurker  
  175  9:57  Lurker x3  
  178  10:08  Extractor  
  178  10:09  Extractor  
Show
View Real Time Build Order
Export as new Build Order

Javert Zerg 

Build Orders: Pool First 

Get SALT Encoding   

  12  0:01  Drone  
  13  0:15  Overlord  
  13  0:22  Drone  
  14  0:35  Drone  
  14  0:36  Drone  
  14  0:39  Drone  
  17  0:47  Spawning Pool  
  16  0:50  Drone  
  17  1:13  Hatchery  
  17  1:14  Drone  
  17  1:17  Extractor  
  16  1:21  Drone x2  
  19  1:32  Drone  
  19  1:37  Roach Warren  
  18  1:42  Overlord  
  18  1:56  Drone  
  19  2:07  Queen  
  21  2:16  Roach  
  21  2:17  Roach  
  25  2:27  Roach  
  25  2:29  Queen  
  29  2:33  Drone  
  30  2:47  Roach  
  30  2:48  Roach  
  30  2:50  Drone x2  
  36  3:00  Overlord  
  36  3:25  Drone x6  
  42  3:33  Queen  
  44  3:34  Overlord  
  44  3:41  Hatchery  
  43  3:49  Drone  
  43  3:50  Evolution Chamber  
  43  3:51  Overlord  
  43  3:52  Overlord  
  43  3:57  Roach  
  43  3:58  Roach  
  47  4:09  Roach x2  
  53  4:10  Roach  
  53  4:22  Drone x5  
  58  4:36  Drone x2  
  58  4:37  Drone x2  
  62  4:49  Drone x4  
  62  4:50  Zerg Missile Weapons Level 1  
  62  4:51  Lair  
  66  4:57  Drone x2  
  68  5:00  Extractor  
  68  5:04  Evolution Chamber  
  68  5:06  Drone x4  
  68  5:07  Drone, Extractor  
  70  5:08  Extractor  
  70  5:12  Overlord  
  69  5:19  Drone  
  69  5:20  Drone x3  
  67  5:39  Roach x5  
  75  5:46  Drone x2  
  75  5:47  Drone  
  76  5:50  Drone  
  76  5:51  Drone  
  78  6:00  Overlord x2  
  78  6:02  Extractor  
  77  6:05  Drone x4  
  77  6:07  Extractor  
  77  6:10  Drone x2  
  82  6:14  Glial Reconstitution  
  82  6:19  Drone x4  
  82  6:20  Drone x2  
  82  6:25  Zerg Ground Armor Level 1  
  88  6:29  Drone  
  88  6:30  Drone x2  
  89  6:47  Ravager x2  
  89  6:48  Ravager  
  89  6:50  Drone x3  
  89  6:51  Drone, Overlord x3  
  89  6:53  Ravager  
  97  7:01  Queen  
  97  7:02  Hatchery  
  98  7:14  Overlord x2  
  98  7:16  Drone x6  
  98  7:17  Drone  
  105  7:26  Roach  
  105  7:27  Roach x4  
  115  7:31  Burrow  
  115  7:32  Drone x3, Hydralisk Den  
  115  7:35  Spine Crawler  
  116  7:44  Roach  
  116  7:45  Roach x4  
  116  7:49  Overlord x2  
  126  7:54  Lurker Den  
  126  8:03  Roach x6  
  138  8:06  Overlord  
  138  8:07  Overlord  
  138  8:13  Hatchery  
  138  8:15  Roach  
  138  8:16  Roach x4  
  147  8:28  Infestation Pit  
  147  8:30  Overseer  
  147  8:31  Overseer x2  
  146  8:35  Overseer  
  146  8:37  Roach x3  
  146  8:39  Overlord  
  146  8:40  Overlord  
  113  9:06  Roach x10  
  113  9:07  Roach x6  
  130  9:21  Overseer x2  
  131  9:24  Ravager x3, Spine Crawler  
  131  9:26  Roach  
  131  9:28  Overlord x3  
  134  9:32  Roach x2  
  134  9:33  Roach x2  
  122  9:49  Roach x11  
  136  9:57  Ravager  
  133  10:00  Roach x9  
  133  10:10  Zergling x2  
  133  10:11  Zergling x24  
Tags
 
Add a new tag
Caveats
  • Supply blocks, unpowered buildings, or Contaminate may cause inaccurate times.
  • Supply counts are checked every 10 seconds.